 Dungeon Crawl Stone Soup version 0.29-a0-620-g13ace881f2 (webtiles) character file.

Game seed: 1099907222409349416

136357 pokeman the Sorcerer (level 16, -10/92 HPs)
             Began as a Deep Elf Hedge Wizard on June 18, 2022.
             Was a High Priest of Vehumet.
             Mangled by a +0 vorpal glaive (24 damage)
             ... on level 13 of the Dungeon.
             The game lasted 01:55:41 (38295 turns).

pokeman the Sorcerer (Deep Elf Hedge Wizard)       Turns: 38295, Time: 01:55:43

Health: -10/92     AC: 12    Str:  7    XL:     16   Next: 66%
Magic:  37/46      EV: 10    Int: 28    God:    Vehumet [*****.]
Gold:   3229       SH:  5    Dex: 14    Spells: 32/64 levels left

rFire   + + +      SeeInvis .   p - staff of fire
rCold   x . .      Faith    .   H - +0 buckler
rNeg    . . .      Spirit   .   S - +0 swamp dragon scales
rPois   +          Reflect  .   m - +2 hat
rElec   .          Harm     .   E - scarf {rC+ rF+}
rCorr   .          Rampage  .   (no gloves)
Will    +....                   z - +0 pair of boots
Stlth   ++........              r - amulet of Greed {rPois Regen+}
HPRegen 1.05/turn               D - ring of fire
MPRegen 0.30/turn               G - ring of fire

@: very slightly contaminated
A: no striking features
a: Renounce Religion


You were on level 13 of the Dungeon.
You worshipped Vehumet.
Vehumet was extremely pleased with you.
You visited 5 branches of the dungeon, and saw 28 of its levels.

You collected 3346 gold pieces.
You spent 117 gold pieces at shops.

Inventory:

Hand Weapons
 J - the +9 flail of Fedhas's Vengeance {vorpal, Drain rElec rF++ Stlth+}
   (You found it on level 6 of the Dungeon)

   It inflicts extra damage upon your enemies.
   rF:        It greatly protects you from fire.
   rElec:     It insulates you from electricity.
   Drain:     It drains your maximum health when unequipped.
   Stlth:     It makes you more stealthy.
Missiles
 A - 5 curare-tipped darts
Armour
 m - a +2 hat (worn)
 z - a +0 pair of boots (worn)
 E - a scarf of resistance (worn)
 H - a +0 buckler (worn)
 S - +0 swamp dragon scales (worn)
Magical Staves
 p - a staff of fire (weapon)
 F - a staff of conjuration
Jewellery
 c - a ring of protection from cold
 q - a ring of flight
 r - the amulet of Greed (around neck) {rPois Regen+}
   (You acquired it on level 2 of the Lair of Beasts)

   [amulet of regeneration]

   rPois:     It protects you from poison.
   Regen:     It increases your rate of health regeneration.
 s - a ring of protection from cold
 y - a ring of protection from cold
 D - a ring of fire (left hand)
 G - a ring of fire (right hand)
 P - a ring of wizardry
 X - a ring of see invisible
Wands
 a - a wand of flame (15)
 i - a wand of paralysis (22)
 w - a wand of digging (3)
 x - a wand of iceblast (14)
 C - a wand of light (7)
Scrolls
 g - a scroll of enchant weapon
 j - 22 scrolls of teleportation
 k - a scroll of fog
 l - a scroll of silence
 t - 3 scrolls of enchant armour
 u - a scroll of blinking
 v - a scroll of fear
 R - 4 scrolls of magic mapping
Potions
 d - 2 potions of magic
 e - 4 potions of haste
 f - 8 potions of heal wounds
 h - a potion of mutation
 n - 3 potions of ambrosia
 o - 12 potions of curing
 B - a potion of cancellation
Miscellaneous
 b - a phantom mirror
 M - a piece from Xom's chessboard (15/15)
 T - a condenser vane


   Skills:
 - Level 7.0 Fighting
 + Level 7.8 Armour
 - Level 3.2 Dodging
 - Level 3.2 Stealth
 - Level 5.0 Shields
 * Level 24.5 Spellcasting
 + Level 15.1 Conjurations
 - Level 1.1 Summonings
 - Level 1.1 Translocations
 + Level 14.7 Fire Magic
 - Level 1.0 Ice Magic
 - Level 1.0 Air Magic
 - Level 1.0 Earth Magic
 - Level 1.1 Poison Magic
 - Level 1.0 Evocations


You had 32 spell levels left.
You knew the following spells:

 Your Spells              Type           Power      Damage    Failure   Level
a - Magic Dart            Conj           100%       1d8       0%          1
b - Mephitic Cloud        Conj/Pois/Air  61%        N/A       1%          3
c - Call Imp              Summ           40%        N/A       3%          2
d - Blink                 Tloc           80%        N/A       3%          2
e - Conjure Flame         Conj/Fire      100%       6-21      0%          3
f - Foxfire               Conj/Fire      100%       2x1d9     0%          1
g - Fireball              Conj/Fire      79%        3d29      1%          5
h - Freezing Cloud        Conj/Ice/Air   30%        6-21      2%          5
i - Swiftness             Air            39%        N/A       7%          3
j - Orb of Destruction    Conj           43%        9d12      1%          7

Your spell library contained the following spells:

 Spells                   Type           Power      Damage    Failure   Level
 Shock                    Conj/Air       100%       1d9       1%          1
 Frozen Ramparts          Ice            78%        1d9       1%          3
 Ignite Poison            Fire/Tmut/Pois 100%       N/A       1%          3
 Inner Flame              Hex/Fire       100%       N/A       1%          3
 Flame Wave               Conj/Fire      100%       2d17      1%          4
 Hailstorm                Conj/Ice       68%        3d14      1%          4
 Irradiate                Conj/Tmut      33%        3d24      1%          5
 Beastly Appendage        Tmut           68%        N/A       3%          1
 Slow                     Hex            100%       N/A       3%          1
 Sublimation of Blood     Necr           34%        N/A       4%          2
 Wereblood                Tmut           34%        N/A       4%          2
 Call Canine Familiar     Summ           40%        N/A       6%          3
 Gell's Gravitas          Tloc           40%        N/A       6%          3
 Lesser Beckoning         Tloc           40%        N/A       6%          3
 Teleport Other           Tloc           40%        N/A       6%          3
 Airstrike                Air            19%        N/A       6%          4
 Portal Projectile        Hex/Tloc       74%        N/A       8%          3
 Spider Form              Tmut/Pois      37%        N/A       8%          3
 Lee's Rapid Deconstruct  Erth           19%        3d12*     16%         5
 Passage of Golubria      Tloc           40%        N/A       22%         4
 Summon Ice Beast         Ice/Summ       40%        N/A       22%         4
 Ice Form                 Ice/Tmut       37%        N/A       26%         4
 Leda's Liquefaction      Hex/Erth       18%        N/A       26%         4
 Petrify                  Tmut/Erth      37%        N/A       26%         4
 Animate Dead             Necr           34%        N/A       32%         4
 Cause Fear               Hex            17%        N/A       32%         4
 Manifold Assault         Tloc           40%        N/A       52%         5
 Summon Forest            Summ/Tloc      20%        N/A       52%         5
 Borgnjor's Vile Clutch   Necr/Erth      18%        N/A       58%         5
 Silence                  Hex/Air        18%        N/A       58%         5
 Summon Mana Viper        Hex/Summ       37%        N/A       58%         5
 Lehudib's Crystal Spear  Conj/Erth      34%        10d9      86%         8
 Summon Cactus Giant      Summ           20%        N/A       97%         6
 Death Channel            Necr           17%        N/A       99%         6
 Simulacrum               Ice/Necr       18%        N/A       99%         6
 Statue Form              Tmut/Erth      24%        N/A       99%         6
 Dragon Form              Tmut           17%        N/A       100%        7
 Dragon's Call            Summ           20%        N/A       100%        9
 Polar Vortex             Ice            19%        N/A       100%        9


Dungeon Overview and Level Annotations

Branches:
Dungeon (15/15)            Temple (1/1) D:6            Lair (6/6) D:8
  Swamp (4/4) Lair:4       Spider (0/4) Lair:3        Slime (0/5) Lair:5
    Orc (2/2) D:9             Elf (0/3) Orc:2        Vaults (0/5) D:13
 Depths: D:15

Altars:
Ashenzari
Cheibriados
Dithmenos
Elyvilon
Fedhas
Gozag
Hepliaklqana
Kikubaaqudgha
Makhleb
Nemelex Xobeh
Okawaru
Qazlal
Ru
Sif Muna
Trog
Uskayaw
Vehumet
Wu Jian
Xom
Yredelemnul
Zin
The Shining One
Ignis
Jiyva

Shops:
D:5 [   D:12 (   Orc:1 *   Orc:2 (=?(

Annotations:
Lair:5 1 runed translucent door
Swamp:1 1 runed translucent door, dolemite99's ghost, journeyman MiGl


Message History

a +0 chain mail; a +1 glaive of protection A slime creature comes into view.
Casting: Orb of Destruction (dangerous; 1% risk of failure)
Confirm with . or Enter, or press ? or * to list all spells.
Aiming: Fireball (safe; 1% risk of failure)
Press: ? - help, Shift-Dir - straight line, f - slime creature
Aim: a slime creature (wandering, hasn't noticed you)
You feel a huge surge of power!
The fireball explodes!
The fireball engulfs the slime creature!!
The slime creature is heavily wounded.
The slime creature quivers.
Casting: Fireball (safe; 1% risk of failure)
Confirm with . or Enter, or press ? or * to list all spells.
Aiming: Fireball (safe; 1% risk of failure)
Press: ? - help, Shift-Dir - straight line, f/p - slime creature
Aim: a slime creature (heavily wounded)
You feel a huge surge of power!
The fireball explodes!
The fireball engulfs the slime creature!!!
You kill the slime creature!
Vehumet accepts your kill.
You feel your power returning.
A +0 vorpal glaive is nearby!
The +0 vorpal glaive hits you from afar!
The +0 vorpal glaive hits you from afar!!
Casting: Fireball (safe; 1% risk of failure)
Confirm with . or Enter, or press ? or * to list all spells.
Aiming: Orb of Destruction (dangerous; 1% risk of failure)
Press: ? - help, Shift-Dir - straight line, f - +0 vorpal glaive
Aim: a +0 vorpal glaive The wavering orb of destruction hits the +0 vorpal glaive!!
The +0 vorpal glaive is severely damaged.
The +0 vorpal glaive hits you from afar!!!
* * * LOW HITPOINT WARNING * * *
x2
Casting: Orb of Destruction (dangerous; 1% risk of failure)
Confirm with . or Enter, or press ? or * to list all spells.
You miscast Blink.
You are very lightly contaminated with residual magic.
Nothing appears to happen.
The +0 vorpal glaive hits you from afar!!
You die...

)<.# #..#.#.#...)...#..8... .(.#
#..#....[##.[.##.⌠.⌠.# ...#####
#..#.....#.#.#.#.....#
.8...+.#####..###.###########.###
....##........#.....##.# #.)#..#
...##..#####..#.###.#.#####.#.#.#
#.##..## #..#..#...#.(.#)#...##
#'#..## #..#.###.#####.#.#..#
#...## #..#.@○(.# #.##..##)#
##### #..###################
#.....................
###############.###.## #.......
#.###### #.# #.# #.#


You could see a +0 vorpal glaive.

Vanquished Creatures
  Jorgrun (D:14)
  A thorn hunter (Swamp:4)
  Gastronok (D:9)
  Donald (Swamp:1)
  Roxanne (Swamp:3)
  2 fenstrider witches
  3 eleionomae
  A bunyip (Swamp:3)
  A fire dragon (Lair:6)
  The ghost of Wekar the Whirler, a journeyman MiFi of Cheibriados (D:13)
  Snorg (D:12)
  A shambling mangrove (Swamp:2)
  An ice dragon (Lair:1)
  A great orb of eyes (D:15)
  15 hydras
  6 boulder beetles
  2 ghost crabs
  A rakshasa (D:15)
  The ghost of chrisa4242 the Slinger, a journeyman OpFi of Makhleb (Lair:1)
  3 catoblepae
  4 centaur warriors
  6 two-headed ogres
  A death knight (D:13)
  3 tengu warriors (D:14)
  4 alligators
  4 death yaks
  5 spriggans
  6 skeletal warriors
  5 goliath frogs
  13 swamp dragons
  2 bog bodies
  A spriggan druid (Swamp:2)
  An obsidian statue (D:11)
  A wizard (D:13)
  3 orc knights
  3 deep elf pyromancers (D:13)
  5 cyclopes
  A wolf spider (Lair:6)
  A shining eye (shapeshifter) (D:14)
  15 ugly things
  8 manticores
  2 will-o-the-wisps
  A guardian serpent (Lair:6)
  10 black mambas
  2 torpor snails
  24 cane toads
  4 unseen horrors
  A yaktaur (shapeshifter) (D:13)
  5 kobold demonologists
  2 efreet
  10 komodo dragons
  8 rime drakes
  A queen bee (shapeshifter) (D:13)
  2 bloated husks
  38 blink frogs
  3 meliai (D:14)
  A polar bear (Lair:3)
  A wolf spider simulacrum (D:14)
  6 tyrant leeches
  4 trolls
  12 slime creatures
  10 hornets
  2 centaur simulacra
  14 wyverns
  28 yaks
  6 basilisks
  9 vampire mosquitoes
  7 steam dragons
  5 wraiths
  3 redbacks (Lair:6)
  A warg (D:15)
  7 swamp worms
  4 acid dragons
  27 water moccasins
  A hydra simulacrum (Lair:1)
  A meliai simulacrum (D:13)
  38 orc warriors
  3 swamp drakes
  2 ice beasts
  A sky beast (D:7)
  3 black bears
  14 centaurs
  4 ogres
  17 wolves
  4 phantoms
  5 kobold brigands
  13 bullfrogs
  A necrophage (D:5)
  3 scorpions
  5 wights
  A wyvern zombie (D:5)
  9 killer bees
  A water moccasin skeleton (D:5)
  An electric eel (Lair:3)
  A rime drake simulacrum (Lair:1)
  A centaur zombie (D:5)
  A jelly (D:7)
  4 howler monkeys
  2 gnoll shamans
  2 komodo dragon simulacra (Lair:1)
  4 bullfrog zombies (D:5)
  4 hounds
  4 water moccasin simulacra (Lair:1)
  10 orc priests
  Crazy Yiuf (D:6)
  A bullfrog skeleton (D:5)
  10 iguanas
  23 orc wizards
  6 hell rats (Lair:6)
  A statue (D:4)
  A killer bee zombie (D:5)
  A bullfrog simulacrum (Lair:1)
  2 hound skeletons (D:5)
  2 hound zombies (D:5)
  2 howler monkey zombies (D:5)
  10 gnolls
  4 adders
  A howler monkey skeleton (D:5)
  2 white imps
  4 ufetubi
  An adder skeleton (D:5)
  2 worms
  A dart slug (D:4)
  72 orcs
  9 endoplasms
  4 giant cockroaches
  8 hobgoblins
  13 kobolds
  4 quokkas
  10 ball pythons
  5 bats
  2 frilled lizards
  9 goblins
  2 rats
  3 bushes (Lair:6)
773 creatures vanquished.

Vanquished Creatures (collateral kills)
  A yak (Lair:2)
  A killer bee (D:10)
  8 foxfires
10 creatures vanquished.

Vanquished Creatures (others)
  809 foxfires
  39 fungi
  114 plants
  A withered plant (D:5)
963 creatures vanquished.

Grand Total: 1746 creatures vanquished

Notes
Turn   | Place    | Note
-------+----------+-------------------------------------------
     0 | D:1      | pokeman the Deep Elf Hedge Wizard began the quest for the
                  | Orb.
     0 | D:1      | Reached XP level 1. HP: 10/10 MP: 7/7
   405 | D:1      | Reached XP level 2. HP: 15/15 MP: 4/9
  1116 | D:1      | Reached skill level 5 in Spellcasting
  1665 | D:2      | Reached XP level 3. HP: 20/20 MP: 5/11
  1669 | D:2      | Learned a level 3 spell: Mephitic Cloud
  1672 | D:2      | Learned a level 2 spell: Call Imp
  1675 | D:2      | Learned a level 2 spell: Blink
  1679 | D:2      | Learned a level 3 spell: Conjure Flame
  1938 | D:2      | Found a radiant altar of Vehumet.
  1946 | D:2      | Became a worshipper of Vehumet
  1969 | D:2      | Reached skill level 1 in Fighting
  2261 | D:2      | Reached skill level 1 in Armour
  2912 | D:3      | Noticed a phantom
  2925 | D:3      | HP: 1/20 [phantom (4)]
  2976 | D:2      | Upgraded the game from 0.29-a0-617-g7a6b98fccd to
                  | 0.29-a0-620-g13ace881f2
  3392 | D:3      | Reached XP level 4. HP: 25/25 MP: 10/13
  3912 | D:3      | Reached skill level 1 in Fire Magic
  4168 | D:3      | Killed a phantom
  4169 | D:3      | Reached skill level 6 in Spellcasting
  4169 | D:3      | Reached skill level 1 in Air Magic
  4169 | D:3      | Reached XP level 5. HP: 20/29 MP: 1/15
  4517 | D:4      | Found a radiant altar of Vehumet.
  4517 | D:4      | Noticed a charred statue
  4889 | D:4      | Reached * piety under Vehumet
  4889 | D:4      | Offered knowledge of Foxfire by Vehumet.
  4892 | D:4      | Learned a level 1 spell: Foxfire
  5304 | D:4      | Reached skill level 1 in Poison Magic
  5304 | D:4      | Reached XP level 6. HP: 20/34 MP: 12/17
  5632 | D:4      | Learned a level 5 spell: Freezing Cloud
  6102 | D:5      | Entered Level 5 of the Dungeon
  6115 | D:4      | Reached skill level 7 in Spellcasting
  6115 | D:4      | Reached skill level 1 in Evocations
  6410 | D:5      | Reached skill level 1 in Ice Magic
  6587 | D:5      | Reached XP level 7. HP: 34/38 MP: 17/20
  6918 | D:5      | Reached skill level 8 in Spellcasting
  7082 | D:5      | Found a hazy altar of Hepliaklqana.
  7097 | D:5      | Found Ixyuc's Armour Emporium.
  7297 | D:5      | Reached XP level 8. HP: 41/45 MP: 20/22
  7396 | D:5      | Reached ** piety under Vehumet
  7396 | D:5      | Offered knowledge of Freeze by Vehumet.
  7397 | D:5      | Reached skill level 9 in Spellcasting
  8196 | D:6      | Reached skill level 5 in Conjurations
  8349 | D:6      | Identified the +9 flail of Fedhas's Vengeance {vorpal,
                  | Drain rElec rF++ Stlth+}
  8418 | D:6      | Reached skill level 10 in Spellcasting
  8682 | D:6      | Found a runed translucent door.
  8683 | D:6      | Noticed Crazy Yiuf
  8692 | D:6      | Killed Crazy Yiuf
  8757 | D:6      | Reached skill level 1 in Shields
  8887 | D:6      | Found a staircase to the Ecumenical Temple.
  9174 | D:7      | Reached XP level 9. HP: 25/50 MP: 7/25
  9177 | D:7      | Killed an unseen horror
  9178 | D:7      | Reached skill level 11 in Spellcasting
  9484 | D:7      | Found a stormy altar of Qazlal.
  9498 | D:7      | Reached skill level 5 in Fire Magic
  9677 | D:7      | Learned a level 3 spell: Swiftness
 10108 | D:8      | Offered knowledge of Dazzling Flash by Vehumet.
 10180 | D:8      | Reached skill level 12 in Spellcasting
 10203 | D:8      | Reached skill level 1 in Earth Magic
 10204 | D:8      | Reached *** piety under Vehumet
 10655 | D:8      | Identified the +1 robe of Contentment {Harm rC+ Int-2
                  | Dex+4}
 10744 | D:8      | Found a staircase to the Lair.
 11095 | D:9      | Found a basalt altar of Yredelemnul.
 11097 | D:9      | Noticed a profane servitor
 11133 | D:9      | Noticed a two-headed ogre
 11159 | D:9      | Found a glowing golden altar of the Shining One.
 11218 | D:8      | Reached XP level 10. HP: 21/56 MP: 17/28
 12157 | D:9      | You fall into a shaft and drop 2 floors!
 12172 | D:11     | Noticed an obsidian statue
 12210 | D:11     | Noticed a two-headed ogre
 12223 | D:11     | Killed a two-headed ogre
 12224 | D:11     | Reached skill level 13 in Spellcasting
 12306 | D:10     | Entered Level 10 of the Dungeon
 12335 | D:10     | Offered knowledge of Olgreb's Toxic Radiance by Vehumet.
 12426 | D:10     | Noticed an orange demon
 12468 | D:10     | Noticed a rust devil
 12858 | D:10     | Reached skill level 14 in Spellcasting
 13114 | D:9      | Killed a two-headed ogre
 13311 | D:9      | Noticed an angel
 13335 | D:9      | Reached XP level 11. HP: 60/60 MP: 18/31
 13337 | D:9      | Reached **** piety under Vehumet
 13342 | D:9      | Offered knowledge of Flame Wave by Vehumet.
 13536 | D:9      | Found a staircase to the Orcish Mines.
 13651 | D:9      | Noticed Gastronok
 13679 | D:9      | Killed Gastronok
 14215 | D:10     | Found a white marble altar of Elyvilon.
 14269 | D:10     | Identified the +1 leather armour "Qaicvor" {Contam rCorr
                  | Int+3}
 14354 | D:10     | Found a shimmering blue altar of Sif Muna.
 14354 | D:10     | Found a shadowy altar of Dithmenos.
 14355 | D:10     | Found an ancient bone altar of Kikubaaqudgha.
 14451 | D:10     | Noticed a two-headed ogre
 14465 | D:10     | Noticed a centaur warrior
 14472 | D:10     | Reached skill level 15 in Spellcasting
 14473 | D:10     | Killed a two-headed ogre
 14700 | D:10     | Killed a centaur warrior
 15029 | D:10     | Found a broken altar of Ashenzari.
 15207 | D:11     | Noticed a boulder beetle
 15208 | D:11     | Noticed a purple ugly thing
 15250 | D:11     | HP: 2/60 [purple ugly thing (6)]
 16023 | D:11     | Killed a purple ugly thing
 16049 | D:11     | Killed a boulder beetle
 16050 | D:11     | Reached skill level 16 in Spellcasting
 16323 | D:12     | Noticed Snorg
 16323 | D:12     | Noticed a boulder beetle
 16422 | Lair:1   | Entered Level 1 of the Lair of Beasts
 16547 | Lair:1   | Noticed a boulder beetle
 16558 | Lair:1   | Killed a boulder beetle
 16801 | Lair:1   | Noticed chrisa4242's ghost (journeyman OpFi)
 16804 | Lair:1   | Noticed an ice dragon
 16886 | Lair:1   | Reached XP level 12. HP: 64/64 MP: 28/34
 17021 | Lair:1   | Found a runed translucent gate.
 17021 | Lair:1   | Found a runed translucent gate.
 17021 | Lair:1   | Found a runed translucent gate.
 17370 | Lair:2   | Noticed a catoblepas
 17741 | Temple   | Entered the Ecumenical Temple
 17983 | Lair:2   | Reached skill level 10 in Conjurations
 18281 | Lair:2   | Killed a catoblepas
 18338 | Lair:2   | Reached skill level 5 in Shields
 18423 | Lair:2   | Reached ***** piety under Vehumet
 18424 | Lair:2   | Reached skill level 17 in Spellcasting
 18424 | Lair:2   | Offered knowledge of Spellforged Servitor by Vehumet.
 18478 | Lair:2   | Identified the +0 ring mail of the Monkey's Uncle {Harm}
 18879 | Lair:2   | Identified a scroll of acquirement
 18882 | Lair:2   | Acquired the amulet of Greed {rPois Regen+}
 19050 | Lair:3   | Found a hole to the Spider Nest.
 19142 | Lair:3   | Noticed a four-headed hydra
 19148 | Lair:3   | Killed a four-headed hydra
 19149 | Lair:3   | Reached skill level 10 in Fire Magic
 19369 | Lair:3   | Reached skill level 18 in Spellcasting
 20283 | Lair:4   | Reached XP level 13. HP: 72/72 MP: 25/37
 20636 | Lair:4   | Found a staircase to the Swamp.
 20710 | Lair:4   | Reached skill level 5 in Fighting
 21508 | Lair:5   | Reached skill level 19 in Spellcasting
 22450 | Lair:5   | Found a runed translucent door.
 22450 | Lair:5   | Found a viscous altar of Jiyva.
 22451 | Lair:5   | Found a staircase to the Slime Pits.
 22451 | Lair:5   | Noticed an acid blob
 22615 | Lair:6   | Entered Level 6 of the Lair of Beasts
 22792 | Lair:6   | Reached skill level 5 in Armour
 23001 | Lair:6   | Offered knowledge of Fireball by Vehumet.
 23002 | Lair:6   | Reached skill level 20 in Spellcasting
 23009 | Lair:6   | Learned a level 5 spell: Fireball
 23316 | Lair:6   | Reached XP level 14. HP: 67/78 MP: 14/40
 26019 | Lair:1   | Offered knowledge of Iskenderun's Battlesphere by Vehumet.
 26020 | Lair:1   | Killed chrisa4242's ghost
 26398 | Orc:1    | Entered Level 1 of the Orcish Mines
 26400 | Orc:1    | Reached skill level 21 in Spellcasting
 26596 | Orc:2    | Entered Level 2 of the Orcish Mines
 26777 | Orc:2    | HP: 2/66 [two-headed ogre/+0 giant club (7)]
 27201 | D:12     | Identified the +6 quarterstaff of Ohow {vorpal, Str+2
                  | Dex+2}
 27639 | D:12     | Killed Snorg
 27905 | D:12     | Found Jimef's Weapon Shop.
 28315 | D:13     | Offered knowledge of Lee's Rapid Deconstruction by Vehumet.
 28967 | D:13     | Found a runed translucent gate.
 28967 | D:13     | Found a runed translucent gate.
 28978 | D:13     | Found a runed translucent gate.
 28978 | D:13     | Noticed Wekar's ghost (journeyman MiFi)
 29061 | D:13     | Reached XP level 15. HP: 84/84 MP: 33/42
 29091 | D:13     | Found a gate to the Vaults.
 29857 | D:13     | Reached skill level 22 in Spellcasting
 30904 | D:14     | Noticed Jorgrun
 30914 | D:14     | Killed Jorgrun
 31283 | D:15     | Entered Level 15 of the Dungeon
 31999 | D:15     | Offered knowledge of Conjure Ball Lightning by Vehumet.
 32345 | D:15     | Reached skill level 23 in Spellcasting
 33411 | Orc:1    | Found Mexeug's Merry Market.
 33422 | Orc:1    | Bought a scroll of magic mapping for 45 gold pieces
 33598 | Orc:2    | Found a staircase to the Elven Halls.
 33620 | Orc:1    | Offered knowledge of Lightning Bolt by Vehumet.
 33863 | Orc:2    | Found Ututha's Magic Scroll Boutique.
 33863 | Orc:2    | Found Etiereeg's Jewellery Shoppe.
 33865 | Orc:2    | Found Dural's Weapon Emporium.
 33867 | Orc:2    | Found Sivenaorch's Antique Weapon Shop.
 33871 | Orc:2    | Bought a scroll of identify for 24 gold pieces
 33871 | Orc:2    | Bought a scroll of identify for 24 gold pieces
 33871 | Orc:2    | Bought a scroll of identify for 24 gold pieces
 34516 | Swamp:1  | Entered Level 1 of the Swamp
 34516 | Swamp:1  | Noticed Donald
 34519 | Swamp:1  | Killed Donald
 35193 | Swamp:1  | Reached XP level 16. HP: 62/92 MP: 31/45
 35503 | Swamp:1  | Found a runed translucent door.
 35536 | Swamp:1  | Identified the +0 trident "Rolow" {holy, Str-4 Int+7 SInv}
 35647 | Swamp:1  | Noticed dolemite99's ghost (journeyman MiGl)
 36395 | Swamp:3  | Noticed Roxanne
 36506 | Swamp:3  | Reached skill level 24 in Spellcasting
 37116 | Swamp:4  | Entered Level 4 of the Swamp
 37156 | Swamp:4  | Reached skill level 15 in Conjurations
 37312 | Swamp:4  | Offered knowledge of Orb of Destruction by Vehumet.
 37313 | Swamp:4  | Noticed a thorn hunter
 37315 | Swamp:4  | Killed a thorn hunter
 37328 | Swamp:3  | Learned a level 7 spell: Orb of Destruction
 37493 | Swamp:3  | Killed Roxanne
 37856 | D:11     | Identified the +1 robe of Effua {Str+2 Dex-2 Stlth+}
 38012 | D:13     | Killed Wekar's ghost
 38295 | D:13     | Mangled by a +0 vorpal glaive

Illustrated notes

Levels and vault maps discovered:
D:1:      dpeg_arrival_snail, layout_basic, st_stairs_4
D:2:      layout_basic, basic_altar
D:3:      layout_loops_corners
D:4:      layout_loops_ring, vehumet_statue,
          hangedman_abyss_or_decor_lesser_grid, minmay_puff
D:5:      nicolae_cairo_tiling_very_big, layout_rooms,
          overflow_temple_1_default, serial_undead, serial_undead_b,
          serial_undead_d, serial_undead_c, serial_undead_f, serial_undead_a,
          serial_undead_a, serial_undead_d, serial_undead_d, serial_shops,
          nicolae_shop_trees
D:6:      layout_cave_pods, minmay_temple_entry_antechambers,
          uniq_crazy_yiuf_cottage
D:7:      layout_basic, nicolae_qazlal_eye_of_the_storm
D:8:      layout_basic, dpeg_oklobed_lair, lemuel_flamethrower_1
D:9:      layout_irregular_city, grunt_temple_overflow_holy_war, david_orc_4,
          uniq_gastronok
D:10:     layout_big_octagon, old_standard_altar, lemuel_tele_altar,
          chequers_temple_overflow_statue_of_worship,
          minmay_mirror_moons_of_madness
D:11:     layout_basic, minivault_16
D:12:     layout_long_grid, serial_shops, nicolae_shop_bloodbath_and_beyond,
          dk_noncrumbling_4, uniq_snorg
D:13:     minmay_the_grid_square_5x5_5x5 [minmay_the_grid_square_5x5_minivault,
          minmay_the_grid_square_5x5_inner_v,
          minmay_the_grid_square_5x5_broken_cross, minmay_the_grid_square_5x5_n,
          minmay_the_grid_square_5x5_tetrominoes,
          minmay_the_grid_square_5x5_comb,
          minmay_the_grid_square_5x5_prize_itemx,
          minmay_the_grid_square_5x5_plus,
          minmay_the_grid_square_5x5_prize_pseudospiral,
          minmay_the_grid_square_5x5_sharp_hourglass,
          minmay_the_grid_square_5x5_lines,
          minmay_the_grid_square_5x5_fancy_junction,
          minmay_the_grid_square_5x5_prize_waves,
          minmay_the_grid_square_5x5_intrusive_squares,
          minmay_the_grid_square_5x5_n_small,
          minmay_the_grid_square_5x5_half_checkered,
          minmay_the_grid_square_5x5_prize_monsterx,
          minmay_the_grid_square_5x5_shrine1,
          minmay_the_grid_square_5x5_prize_rear_guard,
          minmay_the_grid_square_5x5_checkered,
          minmay_the_grid_square_5x5_inner_i,
          minmay_the_grid_square_5x5_almost_minimal,
          minmay_the_grid_square_5x5_corner,
          minmay_the_grid_square_5x5_one_wall, minmay_the_grid_square_5x5_c],
          layout_basic, david_vaults_1, ebering_ghost_rock_garden,
          grunt_ministairs_15
D:14:     layout_loops_ring, minmay_misc_feat_square, uniq_jorgrun
D:15:     gammafunk_enter_depths_forms, layout_long_grid, hangedman_decor_points
Temple:   pdpol_scorched_temple
Lair:1:   layout_chaotic_city, gammafunk_ghost_icy, infiniplex_staircase_pool
Lair:2:   layout_roguey, grunt_megastairs_2
Lair:3:   layout_gridlike, spider_nest_entry_web_field, serial_bayou,
          serial_bayou_pond_d, serial_bayou_shore_a, serial_bayou_crossing,
          serial_bayou_lagoon_b, small_statue_intersection, serial_bayou_shore_b
Lair:4:   layout_big_grid, swamp_mist_pool, hangedman_lair_generics_rect
Lair:5:   layout_cave_pods, slime_altar_2
Lair:6:   guppyfry_lair_end_dragon, layout_cave_pods,
          hangedman_lair_tendril_chambers
Swamp:1:  layout_basic_swamp, ebering_ghost_funeral_grove,
          infiniplex_staircase_pool_2, swamp_pool2, uniq_donald
Swamp:2:  layout_falls_marsh, nicolae_swamp_dense_foliage
Swamp:3:  layout_basic_swamp, evilmike_swamp_ruin_house_1, uniq_roxanne
Swamp:4:  swamp_alternative, layout_basic_swamp, swamp_pool1
Orc:1:    layout_diamond_mine, nicolae_alphabet_shops
Orc:2:    st_orc_rangers, layout_caves, statue_in_the_mist_lemuel,
          guppyfry_library_mini

Skill      XL: |  1  2  3  4  5  6  7  8  9 10 11 12 13 14 15 16 |
---------------+-------------------------------------------------+-----
Spellcasting   | 5 6 7 8 10 12 14 16 18 20 21 23 24 | 24.5
Fighting       | 1 2 3 4 5 7 |  7.0
Armour         | 1 2 4 5 6 7 |  7.8
Conjurations   | 2 3 4 5 7 8 9 11 12 13 14 15 | 15.1
Fire Magic     | 1 2 4 6 7 9 10 11 12 14 | 14.7
Dodging        | 3 |  3.2
Air Magic      | 1 |  1.0
Poison Magic   | 1 |  1.1
Stealth        | 3 |  3.2
Evocations     | 1 |  1.0
Ice Magic      | 1 |  1.0
Shields        | 1 2 4 5 |  5.0
Earth Magic    | 1 |  1.0
Summonings     | |  1.1
Translocations | |  1.1

Action                   |  1- 3 |  4- 6 |  7- 9 | 10-12 | 13-15 | 16-18 || total
-------------------------+-------+-------+-------+-------+-------+-------++-------
Melee: Spear             |     6 |       |       |       |       |       ||     6
       Punch             |     1 |       |       |       |       |       ||     1
       Short sword       |     7 |    36 |    28 |       |       |       ||    71
       Flail             |       |       |    30 |    96 |    48 |       ||   174
       Staff             |       |       |       |       |    27 |       ||    27
 Cast: Magic Dart        |   118 |    75 |     8 |     2 |       |       ||   203
       Blink             |     3 |       |     8 |    11 |     4 |       ||    26
       Call Imp          |     1 |       |     1 |     9 |     7 |     1 ||    19
       Mephitic Cloud    |       |     3 |    20 |    23 |     8 |       ||    54
       Foxfire           |       |    49 |   233 |   122 |    39 |       ||   443
       Conjure Flame     |       |     3 |     9 |    11 |     2 |       ||    25
       Freezing Cloud    |       |       |     1 |    92 |    87 |       ||   180
       Fireball          |       |       |       |       |   383 |    93 ||   476
       Orb of Destructio |       |       |       |       |       |    13 ||    13
Evoke: Wand              |       |       |       |       |     1 |       ||     1
  Use: Scroll            |       |       |       |    13 |    17 |       ||    30
       Potion            |       |       |       |     2 |       |       ||     2
 Stab: Confused          |       |     2 |     3 |     2 |     1 |       ||     8
       Sleeping          |       |     1 |       |       |       |       ||     1
Armor: Robe              |     5 |     4 |       |       |       |       ||     9
       Leather armour    |       |    19 |    18 |       |       |       ||    37
       Steam dragon scal |       |       |    10 |    15 |       |       ||    25
       Acid dragon scale |       |       |       |    26 |    18 |       ||    44
       Swamp dragon scal |       |       |       |       |    29 |       ||    29
Dodge: Dodged            |    19 |    48 |   101 |    79 |    49 |     2 ||   298
Block: Buckler           |       |       |       |    13 |    28 |     2 ||    43

Table legend: (Time is in decaauts)
 A = Elapsed time spent in this place.
 B = Non-inter-level travel time spent in this place.
 C = Inter-level travel time spent in this place.
 D = Time resting spent in this place.
 E = Time spent auto-exploring this place.
 F = Levels seen in this place.
 G = Mean time per level.
                   A        B        C        D        E       F      G
               +--------+--------+--------+--------+--------+-----+--------+
         Total |  38679 |  35507 |   3172 |   6219 |  23898 |  28 | 1381.4 |
       Dungeon |  23286 |  21446 |   1840 |   3465 |  14839 |  15 | 1552.4 |
        Temple |    164 |    140 |     24 |      0 |      0 |   1 |  164.0 |
          Lair |  10202 |   9273 |    929 |   1482 |   6287 |   6 | 1700.3 |
         Swamp |   2915 |   2632 |    283 |    592 |   1688 |   4 |  728.8 |
  Orcish Mines |   2111 |   2017 |     94 |    680 |   1084 |   2 | 1055.5 |
               +--------+--------+--------+--------+--------+-----+--------+

Top non-repeatable levels by time:
  Lair:6: 3083 daAuts
    D:13: 2597 daAuts
     D:4: 2248 daAuts
     D:9: 1872 daAuts
  Lair:1: 1704 daAuts
    D:11: 1629 daAuts
    D:10: 1622 daAuts
     D:5: 1598 daAuts
  Lair:4: 1575 daAuts
     D:8: 1481 daAuts
     D:2: 1453 daAuts
     D:1: 1450 daAuts
     D:3: 1442 daAuts
  Lair:5: 1318 daAuts
    D:15: 1311 daAuts
